 Dungeon Crawl Stone Soup version 0.31-a0-221-gbddc013574 (webtiles) character file.

Game seed: 8239462866317215978

179771 tobedeleted the Severer (level 17, 0/161 HPs)
             Began as a Minotaur Fighter on July 3, 2023.
             Was the Champion of Okawaru.
             Slain by a naga
             ... wielding a +0 battleaxe
              (39 damage)
             ... on level 1 of the Snake Pit on July 4, 2023.
             The game lasted 01:20:29 (26718 turns).

tobedeleted the Severer (Minotaur Fighter)         Turns: 26718, Time: 01:20:29

Health: 0/161      AC: 29    Str: 27    XL:     17   Next: 30%
Magic:  25/25      EV: 10    Int: 11    God:    Okawaru [******]
Gold:   2578       SH:  6    Dex: 12    Spells: 16/16 levels left

rFire   . . .        a - +4 broad axe (vamp)
rCold   . . .        J - +1 buckler of the Doldrums {Rampage}
rNeg    . . .        X - +2 chain mail {rPois}
rPois   +            P - +1 hat
rElec   +            E - +1 cloak
rCorr   .            g - +2 pair of gloves
SInv    .            W - +1 pair of boots {Fly}
Will    +....        m - amulet of regeneration Stlth
                     f - ring "Ovuymut" {rElec Int+6 Stlth+}
HPRegen 1.26/turn    D - +4 ring of protection
MPRegen 0.19/turn

%: rampage
@: lethally poisoned (0 -> -1), flying, slowed, constricted, studying Staves,
very slow
A: horns 2, retaliatory headbutt
}: 1/15 runes: decaying
a: Renounce Religion, Heroism, Finesse, Duel


You were on level 1 of the Snake Pit.
You worshipped Okawaru.
Okawaru was exalted by your worship.
You visited 6 branches of the dungeon, and saw 28 of its levels.
You also visited: Bailey, Gauntlet and Volcano.

You collected 2904 gold pieces.
You spent 326 gold pieces at shops.

Inventory:

Hand Weapons
 a - a +4 vampiric broad axe (weapon)
 b - a +0 broad axe of flaming
 q - the +5 executioner's axe "Aubergine" {speed, Str+5}
   (Okawaru gifted it to you on level 5 of the Lair of Beasts)

   Str:       It affects your strength (+5).
Missiles
 j - a silver javelin
 w - 4 javelins
 H - 2 throwing nets
 R - 15 boomerangs (quivered)
Armour
 g - a +2 pair of gloves (worn)
 p - a +1 plate armour of fire resistance
 E - a +1 cloak (worn)
 J - the +1 buckler of the Doldrums (worn) {Rampage}
   (You took it off a gnoll sergeant on level 8 of the Dungeon)

   Rampage:   It bestows one free step when moving towards enemies.
 P - a +1 hat (worn)
 W - a +1 pair of boots of flying (worn)
 X - a +2 chain mail of poison resistance (worn)
Magical Staves
 s - the staff of Judgement {rC+ Str+3 Dex-4 SInv Conj}
   (You found it on level 5 of the Lair of Beasts)

   [staff of conjuration]

   Base accuracy: +5 Base damage: 5 Base attack delay: 1.2 This weapon's minimum
   attack delay (0.6) is reached at skill level 12.
   Str:       It affects your strength (+3).
   Dex:       It affects your dexterity (-4).
   rC:        It protects you from cold.
   SInv:      It lets you see invisible.
   Conj:      It increases the power of your Conjurations spells.
   It falls into the 'Staves' category.
   It is a one-handed weapon.
Jewellery
 f - the ring "Ovuymut" (left hand) {rElec Int+6 Stlth+}
   (You found it in a Gauntlet)

   [ring of intelligence]

   Int:       It affects your intelligence (+6).
   rElec:     It insulates you from electricity.
   Stlth:     It makes you more stealthy.
 l - a ring of willpower
 m - an amulet of regeneration (around neck)
 n - a ring of positive energy
 z - a ring of flight
 D - a +4 ring of protection (right hand)
 I - the ring "Feocuth" {rC++ Str-3 Dex+6}
   (You took it off a gnoll on level 8 of the Dungeon)

   [ring of dexterity]

   Str:       It affects your strength (-3).
   Dex:       It affects your dexterity (+6).
   rC:        It greatly protects you from cold.
 N - a +4 ring of slaying
Wands
 c - a wand of mindburst (41)
 e - a wand of flame (60)
 G - a wand of acid (20)
 M - a wand of roots (22)
 Y - a wand of paralysis (18)
 Z - a wand of digging (1)
Scrolls
 i - 3 scrolls of revelation
 y - 5 scrolls of poison
 A - 2 scrolls of silence
 K - 10 scrolls of teleportation
 O - 7 scrolls of fog
 S - a scroll of blinking
Potions
 d - 3 potions of might
 h - 4 potions of attraction
 k - a potion of ambrosia
 o - 7 potions of berserk rage
 r - 4 potions of enlightenment
 t - 7 potions of curing
 u - 2 potions of invisibility
 v - 3 potions of haste
 x - 7 potions of lignification
 B - a potion of resistance
 C - 7 potions of heal wounds
 L - 3 potions of mutation
 Q - 4 potions of cancellation
Miscellaneous
 F - a lightning rod (4/4)
 U - a tin of tremorstones (2/2)


   Skills:
 + Level 17.3 Fighting
 - Level 20.0 Axes
 - Level 10.0 Throwing
 + Level 15.9 Armour
 + Level 11.7 Dodging
 - Level 5.0 Shields
 - Level 12.0 Invocations


You had 16 spell levels left.
You didn't know any spells.
Your spell library contained the following spells:

 Spells                   Type           Power      Damage    Failure   Level
 Magic Dart               Conj           0%         1d3       77%         1
 Necrotise                Necr           0%         1d4       77%         1
 Sandblast                Erth           0%         2d4       77%         1
 Blink                    Tloc           0%         N/A       88%         2
 Cigotuvi's Dreadful Rot  Necr/Pois/Air  0%         N/A       88%         2
 Passwall                 Tmut/Erth      0%         N/A       88%         2
 Searing Ray              Conj           0%         2d4       88%         2
 Dazzling Flash           Conj/Hex       0%         N/A       98%         3
 Ignite Poison            Fire/Tmut/Pois 0%         N/A       98%         3
 Inner Flame              Hex/Fire       0%         N/A       98%         3
 Portal Projectile        Hex/Tloc       0%         N/A       98%         3
 Stone Arrow              Conj/Erth      0%         3d7       98%         3
 Vampiric Draining        Necr           0%         2d6       98%         3
 Vhi's Electric Charge    Tloc/Air       0%         N/A       98%         3
 Fulminant Prism          Conj/Hex       0%         3d5       100%        4
 Leda's Liquefaction      Hex/Erth       0%         N/A       100%        4
 Manifold Assault         Tloc           0%         N/A       100%        4
 Petrify                  Tmut/Erth      0%         N/A       100%        4
 Agony                    Necr           0%         N/A       100%        5
 Arcjolt                  Conj/Air       0%         1d10      100%        5
 Freezing Cloud           Conj/Ice/Air   0%         6-21      100%        5
 Lee's Rapid Deconstruct  Erth           0%         3d4*      100%        5
 Metabolic Englaciation   Hex/Ice        0%         N/A       100%        5
 Silence                  Hex/Air        0%         N/A       100%        5
 Yara's Violent Unravell  Hex/Tmut       0%         3d3       100%        5
 Leda's Unmaking          Conj/Erth      0%         9d1       100%        6
 Plasma Beam              Fire/Air       0%         2x1d10    100%        6
 Statue Form              Tmut/Erth      0%         N/A       100%        6
 Enfeeble                 Hex            0%         N/A       100%        7
 Storm Form               Tmut/Air       0%         N/A       100%        7
 Call Canine Familiar     Summ           Unusable   N/A       N/A         3

Dungeon Overview and Level Annotations

Branches:
Dungeon (15/15)            Temple (1/1) D:4            Lair (5/5) D:9
  Swamp (4/4) Lair:3        Snake (1/4) Lair:2        Slime (0/5) Lair:5
    Orc (2/2) D:10            Elf (0/3) Orc:2        Vaults (0/5) D:13
 Depths (0/4) D:15         Bailey (visited)         Volcano (visited)
Gauntlet (visited)

Altars:
Ashenzari
Cheibriados
Dithmenos
Elyvilon
Fedhas
Gozag
Hepliaklqana
Kikubaaqudgha
Makhleb
Nemelex Xobeh
Okawaru
Qazlal
Ru
Sif Muna
Trog
Uskayaw
Vehumet
Wu Jian
Xom
Yredelemnul
Zin
The Shining One
Jiyva

Shops:
D:2 (   D:3 (   D:7 [*   D:9 :!   D:11 =   D:15 ?   Orc:1 (*=   Orc:2 *(?

Annotations:
Lair:1 3 runed translucent doors, Vruhak's ghost, journeyman DsHu


Innate Abilities, Weirdness & Mutations

You have a pair of horns on your head.
You reflexively headbutt those who attack you in melee.


Message History

The naga spits poison at you.
The splash of poison hits you but does no damage.
You resist. The naga warrior barely misses you. You furiously retaliate!
You headbutt the naga warrior! You block the naga warrior's attack.
The naga closely misses you. The naga grabs you. The naga constricts you.
The naga sharpshooter casts a spell.
The naga hits you from afar with a +0 halberd of protection!!
You escape the naga's grasp.
You feel very sick. The naga warrior spits poison at you.
The splash of poison hits you.
You are more poisoned.
You resist.
The naga sharpshooter mumbles some strange words.
The naga sharpshooter magically shoots a bolt.
The bolt closely misses you. The naga closely misses you.
You block the naga's attack. The naga warrior barely misses you.
The naga warrior grabs you. The naga warrior constricts you.
The naga hits you with a +0 glaive!!
The naga sharpshooter shoots a bolt.
The bolt hits you but does no damage.
There is a staircase back to the Lair, spattered with blood here.
The naga warrior's grasp on you weakens, but your attempt to escape fails.
You feel very sick. The naga closely misses you. You block the naga's attack.
The naga warrior hits you but does no damage.
The naga warrior constricts you.
The naga sharpshooter mumbles some strange words.
The naga sharpshooter magically shoots a bolt.
The bolt hits you! The naga barely misses you.
You escape the naga warrior's grasp.
You feel very sick.
The naga warrior hits you with a +0 broad axe!!
* * * LOW HITPOINT WARNING * * *
The naga warrior grabs you.
You stop ascending the stairs.
The naga warrior constricts you. The naga spits poison at you.
You block the splash of poison.
The naga sharpshooter shoots a bolt.
The bolt hits you but does no damage.
The naga hits you with a +0 battleaxe!!!
You die...

### ## ... ....
#####.####....
##.............
.............. .
......#.#[#.#...
.....#N.NN...#..
......).@N>.....
.....#)Nā‰ˆN~..#..
.......~ā‰ˆ8~~....
.....#..~ā‰ˆ~>.#..
........>~>.....
.(...#.......#..
......#.#.#.#...
.#.............


You could see 2 naga warriors, a naga sharpshooter (strong) and 3 nagas.

Vanquished Creatures
  A fenstrider witch (Swamp:1)
  2 orc warlords
  Nessos (Lair:4)
  3 eleionomae (Swamp:1)
  A minotaur (Gauntlet)
  4 bunyips
  A green death (Gauntlet)
  A shambling mangrove (Swamp:3)
  4 fire dragons
  The ghost of Nevets123 the Severer, a journeyman MiBe of Trog (Orc:2)
  15 hydras
  An ice dragon (D:15)
  An ogre mage (D:15)
  2 catoblepae
  4 ghost crabs
  7 centaur warriors
  6 boulder beetles
  3 alligators
  13 two-headed ogres
  A naga sharpshooter (Snake:1)
  2 death yaks (Lair:5)
  A spriggan berserker (Swamp:2)
  3 shock serpents (Lair:2)
  4 tengu warriors
  The ghost of GrimJard the Cleaver, a novice MiBe of Trog (D:8)
  3 orc high priests (Orc:2)
  A fire crab (Swamp:4)
  5 skysharks
  A bog body (Swamp:1)
  6 goliath frogs
  5 spriggan druids
  6 swamp dragons
  2 lindwurms (Swamp:4)
  2 wizards (D:13)
  5 orc knights (Orc:2)
  4 deep elf pyromancers
  A harpy (shapeshifter) (D:13)
  An oklob plant (Lair:4)
  8 orc sorcerers
  3 cyclopes
  3 manticores
  13 ugly things
  5 salamanders
  8 will-o-the-wisps
  6 elephants (Lair:3)
  A moth of wrath (Gauntlet)
  A naga mage (Lair:2)
  A torpor snail (Lair:5)
  Maurice (Orc:1)
  2 orange demons (Gauntlet)
  11 black mambas
  A cane toad (shapeshifter) (D:15)
  A molten gargoyle (Swamp:4)
  2 unseen horrors
  Maggie (D:6)
  A gargoyle (D:11)
  9 cane toads
  8 komodo dragons
  An efreet (D:15)
  A rime drake (Lair:5)
  2 tengu conjurers
  Prince Ribbit (D:7)
  11 polar bears
  5 trolls
  A bloated husk (Swamp:3)
  12 hornets
  Grinder (D:5)
  8 tyrant leeches
  6 dream sheep
  16 slime creatures
  2 water elementals (D:15)
  A wraith (D:13)
  50 yaks
  20 spriggans
  8 wyverns
  2 shadows (D:11)
  2 vampires
  4 basilisks
  Eustachio (D:5)
  7 fire bats (Volcano)
  7 steam dragons
  A warg (Orc:2)
  10 vampire mosquitoes
  3 redbacks (Gauntlet)
  16 swamp worms
  10 water moccasins
  2 hell hounds (Lair:5)
  24 orc warriors
  15 swamp drakes
  3 sky beasts
  5 black bears
  9 ogres
  8 boggarts
  21 wolves
  14 centaurs
  A phantom (D:4)
  6 kobold brigands
  14 bullfrogs
  5 gnoll sergeants
  4 necrophages (Lair:2)
  A scorpion (D:7)
  A hornet simulacrum (D:14)
  9 killer bees
  12 howler monkeys
  2 electric eels (D:15)
  A hound (D:5)
  2 gnoll boudas
  12 orc priests
  Crazy Yiuf (D:7)
  7 jellies
  10 iguanas
  A sleepcap (D:4)
  16 orc wizards
  4 adders
  24 gnolls
  2 shadow imps
  2 white imps (D:7)
  An ufetubus (D:5)
  2 worms (D:5)
  3 dart slugs (D:1)
  50 orcs
  7 ball pythons
  7 endoplasms
  3 giant cockroaches
  9 goblins
  9 hobgoblins
  6 jackals
  3 quokkas
  7 bats
  4 frilled lizards
  32 kobolds
  2 rats
  A spectral orc (D:8)
804 creatures vanquished.

Vanquished Creatures (others)
  A bloated husk (Swamp:1)
  A spriggan (Swamp:2)
  An orc priest (Orc:2)
  46 foxfires
49 creatures vanquished.

Grand Total: 853 creatures vanquished

Notes
Turn   | Place    | Note
-------+----------+-------------------------------------------
     0 | D:1      | tobedeleted the Minotaur Fighter began the quest for the
                  | Orb.
     0 | D:1      | Reached XP level 1. HP: 19/19 MP: 0/0
    95 | D:1      | Reached XP level 2. HP: 27/27 MP: 1/1
   438 | D:1      | Reached skill level 3 in Axes
   506 | D:1      | Reached XP level 3. HP: 33/33 MP: 2/2
   970 | D:1      | Found a faded altar of an unknown god.
  1033 | D:2      | Found Tosadid's Antique Weapon Shoppe.
  1374 | D:2      | Reached XP level 4. HP: 41/41 MP: 3/3
  2189 | D:3      | Found Mumupt's Antique Weapon Emporium.
  2371 | D:4      | Reached XP level 5. HP: 37/47 MP: 4/4
  2441 | D:4      | Noticed an ogre
  2451 | D:4      | Killed an ogre
  2452 | D:4      | Reached skill level 5 in Fighting
  2452 | D:4      | Reached skill level 4 in Axes
  2452 | D:4      | Reached skill level 5 in Armour
  2452 | D:4      | Reached skill level 5 in Shields
  2684 | D:4      | Found a staircase to the Ecumenical Temple.
  2684 | D:4      | Noticed a black bear
  2696 | D:4      | Killed a black bear
  2697 | D:4      | Reached XP level 6. HP: 51/56 MP: 5/5
  2707 | Temple   | Entered the Ecumenical Temple
  2982 | Temple   | Became a worshipper of Warmaster Okawaru
  3263 | D:4      | You fall into a shaft and drop 1 floor!
  3263 | D:5      | Entered Level 5 of the Dungeon
  3291 | D:5      | Reached skill level 5 in Axes
  3332 | D:5      | Noticed Grinder
  3358 | D:5      | Killed Grinder
  3358 | D:5      | Reached * piety under Okawaru
  3359 | D:5      | Reached skill level 6 in Axes
  3359 | D:5      | Reached XP level 7. HP: 52/63 MP: 6/6
  3807 | D:5      | Reached skill level 7 in Axes
  3903 | D:5      | Noticed Eustachio
  3919 | D:5      | Killed Eustachio
  3920 | D:5      | Reached skill level 8 in Axes
  3945 | D:5      | Noticed a vampire mosquito
  3947 | D:5      | Noticed a vampire mosquito
  3947 | D:5      | Noticed a vampire mosquito
  3953 | D:5      | Killed a vampire mosquito
  3954 | D:5      | Reached XP level 8. HP: 60/70 MP: 7/7
  3954 | D:5      | Reached ** piety under Okawaru
  3955 | D:5      | Reached skill level 9 in Axes
  4159 | D:5      | Reached skill level 10 in Axes
  4170 | D:5      | Reached skill level 1 in Invocations
  4409 | D:6      | Noticed Maggie
  4425 | D:6      | Killed Maggie
  4426 | D:6      | Reached skill level 1 in Dodging
  4521 | D:6      | Reached XP level 9. HP: 57/78 MP: 10/10
  5059 | D:6      | Reached *** piety under Okawaru
  5069 | D:6      | Reached skill level 11 in Axes
  5411 | D:7      | Noticed a troll
  5418 | D:7      | Killed a troll
  5642 | D:7      | Noticed Prince Ribbit
  5659 | D:7      | Killed Prince Ribbit
  5702 | D:7      | Reached skill level 12 in Axes
  5724 | D:7      | Reached **** piety under Okawaru
  5852 | D:7      | Found Buschink's Antique Armour Shoppe.
  5858 | D:7      | Found Doirch's General Store.
  5864 | D:7      | Bought a potion of heal wounds for 60 gold pieces
  6126 | D:7      | Reached skill level 5 in Invocations
  6301 | D:7      | Found a hazy altar of Hepliaklqana.
  6434 | D:7      | Found a sparkling altar of Nemelex Xobeh.
  6534 | D:7      | Paralysed by a hornet for 3 turns
  6542 | D:7      | Reached XP level 10. HP: 65/84 MP: 12/12
  6668 | D:7      | Found a runed translucent door.
  6671 | D:7      | Noticed Crazy Yiuf
  6676 | D:7      | Killed Crazy Yiuf
  6833 | D:8      | Found a hide-covered altar of Uskayaw.
  6887 | D:8      | Found a shimmering blue altar of Sif Muna.
  6914 | D:8      | Identified the +1 ring mail of Lucidity {Will++ Str+4
                  | Dex+3}
  6914 | D:8      | Identified the +1 buckler of the Doldrums {Rampage}
  6934 | D:8      | Found a transporter.
  6950 | D:8      | Found an opulent altar of Gozag.
  6985 | D:8      | Found a shadowy altar of Dithmenos.
  7219 | D:8      | Found a basalt altar of Yredelemnul.
  7254 | D:8      | Identified the ring "Feocuth" {rC++ Str-3 Dex+6}
  7257 | D:8      | Noticed GrimJard's ghost (novice MiBe)
  7272 | D:8      | Found a transporter.
  7758 | D:8      | Killed GrimJard's ghost
  7759 | D:8      | Reached skill level 13 in Axes
  8133 | D:9      | Found Qixtixai's Vocational Training.
  8214 | D:9      | Identified the +7 sling "Fama" {drain, Drain rC+ rN++
                  | Stlth+}
  8385 | D:9      | Reached ***** piety under Okawaru
  8393 | D:9      | Reached skill level 14 in Axes
  8401 | D:9      | Identified the scarf of Zacerph {shadows, rN+ rCorr Dex-4}
                  | (Okawaru gifted it to you on level 9 of the Dungeon)
  8401 | D:9      | Received a gift from Okawaru
  8671 | D:9      | Found a staircase to the Lair.
  8678 | D:9      | Found Zufuiqa's Distillery.
  8678 | D:9      | Noticed a two-headed ogre
  8685 | D:9      | Killed a two-headed ogre
  8698 | D:9      | Bought a potion of resistance for 130 gold pieces
  8791 | D:9      | Upgraded the game from 0.31-a0-219-g8d62b2e7bb to
                  | 0.31-a0-221-gbddc013574
  8837 | D:10     | Entered Level 10 of the Dungeon
  8869 | D:10     | Found a flagged portal.
  8878 | Bailey   | Entered a bailey
  8888 | Bailey   | Noticed an orc warlord
  8926 | Bailey   | Reached skill level 10 in Armour
  8929 | Bailey   | Reached XP level 11. HP: 77/91 MP: 15/15
  8959 | Bailey   | Found a runed translucent gate.
  8959 | Bailey   | Found a runed translucent gate.
  8959 | Bailey   | Found a runed translucent gate.
  9042 | Bailey   | Noticed an orc knight
  9210 | Bailey   | Killed an orc warlord
  9352 | D:10     | Reached skill level 15 in Axes
  9391 | D:10     | Found a radiant altar of Vehumet.
  9521 | D:10     | Found a staircase to the Orcish Mines.
  9724 | D:10     | HP: 1/91 [something (18)]
  9737 | D:10     | HP: 1/91 [vampire/vampiric draining (15)]
 10257 | Lair:1   | Entered Level 1 of the Lair of Beasts
 10258 | Lair:1   | Reached skill level 18 in Axes
 10258 | Lair:1   | Reached XP level 12. HP: 97/97 MP: 16/16
 10259 | Lair:1   | Reached skill level 5 in Dodging
 10259 | Lair:1   | Reached XP level 13. HP: 108/108 MP: 16/18
 10290 | Lair:1   | Found a runed translucent gate.
 10291 | Lair:1   | Found a runed translucent gate.
 10291 | Lair:1   | Found a runed translucent gate.
 10293 | Lair:1   | Noticed Vruhak's ghost (journeyman DsHu)
 11496 | D:3      | Bought a morningstar for 100 gold pieces
 11735 | Lair:2   | Found a staircase to the Snake Pit.
 11872 | Lair:2   | Reached skill level 10 in Fighting
 12858 | Lair:3   | Reached skill level 1 in Throwing
 12968 | Lair:3   | Received a gift from Okawaru
 13458 | Lair:3   | Found a staircase to the Swamp.
 13829 | Lair:4   | Reached XP level 14. HP: 89/125 MP: 17/19
 14054 | Lair:4   | Reached skill level 5 in Throwing
 14220 | Lair:4   | Noticed Nessos
 14228 | Lair:4   | Killed Nessos
 14675 | Lair:5   | Entered Level 5 of the Lair of Beasts
 14796 | Lair:5   | Received a gift from Okawaru
 14812 | Lair:5   | Identified the +4 great sword of Sharkskin {drain, Fly
                  | rPois rCorr Dex-2} (Okawaru gifted it to you on level 5 of
                  | the Lair of Beasts)
 14812 | Lair:5   | Received a gift from Okawaru
 14862 | Lair:5   | Found a dark tunnel.
 14875 | Volcano  | Entered a volcano
 15104 | Volcano  | Reached skill level 10 in Invocations
 15413 | Lair:5   | Received a gift from Okawaru
 15478 | Lair:5   | Found a viscous altar of Jiyva.
 15484 | Lair:5   | Found a staircase to the Slime Pits.
 15812 | Lair:5   | Identified the +5 executioner's axe "Aubergine" {speed,
                  | Str+5} (Okawaru gifted it to you on level 5 of the Lair of
                  | Beasts)
 15812 | Lair:5   | Received a gift from Okawaru
 15946 | Lair:5   | Identified the staff of Judgement {rC+ Str+3 Dex-4 SInv
                  | Conj}
 16367 | D:11     | Found Maxueh's Jewellery Shoppe.
 16922 | D:11     | Reached XP level 15. HP: 136/138 MP: 23/23
 17134 | Orc:1    | Entered Level 1 of the Orcish Mines
 17134 | Orc:1    | Found Micedaid's General Store.
 17136 | Orc:1    | Bought a scroll of teleportation for 36 gold pieces
 17171 | Orc:1    | Noticed Maurice
 17207 | Orc:1    | Killed Maurice
 17307 | Orc:1    | Found Cingead's Weapon Boutique.
 17469 | Orc:1    | Found Tony's Jewellery Emporium.
 17756 | Orc:2    | Entered Level 2 of the Orcish Mines
 17847 | Orc:2    | Received a gift from Okawaru
 17954 | Orc:2    | Found a large runed translucent door.
 17955 | Orc:2    | Found a large runed translucent door.
 17957 | Orc:2    | Noticed Nevets123's ghost (journeyman MiBe)
 17981 | Orc:2    | Found a staircase to the Elven Halls.
 18055 | Orc:2    | Received a gift from Okawaru
 18177 | Orc:2    | Found Ynwurghi's Magic Scroll Boutique.
 18215 | Orc:2    | Reached ****** piety under Okawaru
 18215 | Orc:2    | Identified the +1 ring mail of the Flute {*Slow rF+ Str+3}
                  | (Okawaru gifted it to you on level 2 of the Orcish Mines)
 18215 | Orc:2    | Received a gift from Okawaru
 18278 | Orc:2    | Found Lemym's Weapon Emporium.
 18295 | Orc:2    | Found Pouhuwk's General Store.
 18297 | Orc:2    | Found Wofaimen's Assorted Antiques.
 18688 | Orc:2    | Killed Nevets123's ghost
 18933 | D:12     | Found an opulent altar of Gozag.
 19343 | D:12     | Reached skill level 15 in Fighting
 19618 | D:13     | Found a gate to the Vaults.
 20389 | D:14     | Identified the +9 battleaxe of Cataclysm {pain, rC+ Int+4}
                  | (Okawaru gifted it to you on level 14 of the Dungeon)
 20389 | D:14     | Received a gift from Okawaru
 20774 | D:15     | Entered Level 15 of the Dungeon
 20833 | D:15     | Reached XP level 16. HP: 148/150 MP: 24/24
 20841 | D:15     | Found a gate leading to a gauntlet.
 20864 | Gauntlet | Entered a Gauntlet
 20864 | Gauntlet | Found a transporter.
 20873 | Gauntlet | Found a transporter.
 20894 | Gauntlet | Found a transporter.
 20894 | Gauntlet | Found a transporter.
 20915 | Gauntlet | Found a transporter.
 20928 | Gauntlet | Found a transporter.
 20942 | Gauntlet | Found a transporter.
 20968 | Gauntlet | Found a transporter.
 20969 | Gauntlet | Found a transporter.
 20975 | Gauntlet | Found a transporter.
 20996 | Gauntlet | Found a runed translucent door.
 21004 | Gauntlet | Found a transporter.
 21004 | Gauntlet | Found a transporter.
 21102 | Gauntlet | Identified the ring "Ovuymut" {rElec Int+6 Stlth+}
 21129 | Gauntlet | Identified the -1 pair of gloves of Gravitas {Int+3}
 21155 | Gauntlet | Received a gift from Okawaru
 21534 | D:15     | Found a staircase to the Depths.
 21595 | D:15     | Received a gift from Okawaru
 21748 | D:15     | Found Cataol's Magic Scroll Shop.
 22552 | Swamp:1  | Entered Level 1 of the Swamp
 22628 | Swamp:1  | Reached skill level 19 in Axes
 22894 | Swamp:1  | Reached skill level 10 in Dodging
 22898 | Swamp:1  | Identified the +0 plate armour of Iledix {Will+++ Str+3
                  | Int-4 Dex-5} (Okawaru gifted it to you on level 1 of the
                  | Swamp)
 22898 | Swamp:1  | Received a gift from Okawaru
 23516 | Swamp:2  | Identified the +5 sling of Teacikef {freeze, Dex+5}
 24927 | Swamp:3  | Reached skill level 10 in Throwing
 24927 | Swamp:3  | Reached skill level 15 in Armour
 25183 | Swamp:3  | Paralysed by a hornet for 1 turns
 25351 | Swamp:4  | Entered Level 4 of the Swamp
 25649 | Swamp:4  | Identified the +5 ring mail of Anaesthesia {Int+3 Dex-3
                  | SInv} (Okawaru gifted it to you on level 4 of the Swamp)
 25649 | Swamp:4  | Received a gift from Okawaru
 25669 | Swamp:4  | Reached XP level 17. HP: 47/160 MP: 25/25
 26289 | Swamp:4  | Got a decaying rune of Zot
 26594 | Snake:1  | Entered Level 1 of the Snake Pit
 26664 | Lair:2   | Reached skill level 20 in Axes
 26718 | Snake:1  | Slain by a naga

Illustrated notes

Levels and vault maps discovered:
D:1:      minmay_arrival_four_loops, layout_basic, serial_co_window_serial,
          co_window_paths_a, co_window_paths_a, co_window_paths_a,
          co_window_of_opportunity_a, co_window_corner_a, co_window_corner_b,
          co_window_broadway_b, co_window_corner_b, glass_columns_b,
          glass_columns_a, shapermc_ecumenical_altar_petra,
          kennysheep_small_spiral
D:2:      layout_basic, serial_shops, shop
D:3:      layout_basic, serial_shops, shop, minmay_misc_feat_room
D:4:      layout_basic, minmay_temple_entry_grid
D:5:      layout_gridville, uniq_grinder, uniq_eustachio
D:6:      layout_loops_ring, st_stairs_8, chequers_serial_rivers_marsh,
          minmay_unpleasant_kobolds, uniq_maggie
D:7:      minmay_the_grid_square_5x5_3x3
          [minmay_the_grid_square_5x5_tetrominoes,
          minmay_the_grid_square_5x5_eight, minmay_the_grid_square_5x5_three,
          minmay_the_grid_square_5x5_two,
          minmay_the_grid_square_5x5_megaprize_hollow,
          minmay_the_grid_square_5x5_hollow_slash,
          minmay_the_grid_square_5x5_spiral, minmay_the_grid_square_5x5_tie,
          minmay_the_grid_square_5x5_n_small], layout_loops_ring,
          nemelex_dance_club_becter, nzn_hepliaklqana_mist_gate, serial_shops,
          shop, shop, uniq_crazy_yiuf_cottage, uniq_prince_ribbit1
D:8:      layout_loops_ring, kennysheep_mini_moat,
          yredelemnul_forgotten_temple_becter, mainiacjoe_overflow_alcove_1,
          grunt_dithmenos_smoke_and_mirrors, kennysheep_little_box,
          gammafunk_ghost_gnarly_gnolls
D:9:      layout_basic, lair_entry_dummy, serial_shops, shop,
          nicolae_shop_vocational
D:10:     layout_roguey, vehumet_crystals, david_orc_2, enter_bailey_6
D:11:     layout_long_grid, serial_shops, nicolae_shop_tiny_statue_garden
D:12:     layout_basic, chequers_avenue, fungi_pond_lemuel,
          grunt_gozag_breadcrumbs
D:13:     layout_roguey, david_vaults_1
D:14:     layout_roguey, minivault_11
D:15:     grunt_enter_depths_hoard, layout_basic, serial_shops, shop,
          gauntlet_entry_generic, minmay_misc_feat_chi
Temple:   minmay_temple_curvy_branch
Lair:1:   layout_small_grid, gammafunk_ghost_split
Lair:2:   layout_regular_city, dummy_snake_entry, roderic_carrion_pond
Lair:3:   layout_concentric_octagons, swamp_mist
Lair:4:   layout_long_grid, grunt_megastairs_3, uniq_nessos
Lair:5:   minmay_lair_end_enchanted_forest, layout_big_grid,
          nicolae_slime_entry_field_trip, enter_volcano_3,
          cheibrodos_lair_lostbears
Swamp:1:  layout_basic_swamp, serial_swamp_ruin, evilmike_swamp_ruin_house_6,
          evilmike_swamp_ruin_house_1, evilmike_swamp_ruin_house_4
Swamp:2:  layout_falls_marsh, evilmike_swamp_ruin_rubble_2
Swamp:3:  layout_basic_swamp, evilmike_swamp_ruin_rubble_1, swamp_pool5
Swamp:4:  swamp_fiery, layout_basic_swamp
Snake:1:  layout_chambers, st_stairs_13, nicolae_snake_gridmaze_big_u,
          evilmike_ambush [evilmike_ambush_outer_pillars,
          evilmike_ambush_inner_pond], minmay_shoptagon
Orc:1:    layout_caves, serial_shops, shop, nicolae_shop_rolling_square,
          nicolae_shop_bloodbath_and_beyond, uniq_maurice
Orc:2:    st_orc_elflike, layout_caves, ebering_ghost_disaster_area, basic_altar

Skill      XL: |  1  2  3  4  5  6  7  8  9 10 11 12 13 14 15 16 17 |
---------------+----------------------------------------------------+-----
Fighting       | 4 5 6 8 11 14 15 16 17 | 17.3
Armour         | 4 5 6 8 10 12 14 15 | 15.9
Shields        | 4 5 |  5.0
Axes           | 3 4 6 8 10 12 14 18 19 20 | 20.0
Invocations    | 2 5 6 7 8 12 | 12.0
Dodging        | 1 5 6 9 11 | 11.7
Throwing       | 4 6 8 10 | 10.0

Action                     |  1- 3 |  4- 6 |  7- 9 | 10-12 | 13-15 | 16-18 || total
---------------------------+-------+-------+-------+-------+-------+-------++-------
  Melee: War axe           |    59 |    85 |    12 |       |    16 |       ||   172
         Headbutt          |    10 |    18 |    31 |    37 |   258 |   170 ||   524
         Hand axe          |       |       |    75 |       |       |       ||    75
         Broad axe         |       |       |   148 |   248 |   738 |   693 ||  1827
         Morningstar       |       |       |       |       |    19 |    13 ||    32
         Executioner's axe |       |       |       |       |   315 |       ||   315
         Staff             |       |       |       |       |    11 |       ||    11
  Throw: Boomerang         |       |       |       |       |    16 |    25 ||    41
 Invoke: Heroism           |       |       |     2 |     3 |     2 |       ||     7
         Finesse           |       |       |       |     2 |       |       ||     2
  Evoke: Wand              |       |       |       |     4 |     1 |     4 ||     9
    Use: Scroll            |       |    10 |     2 |    11 |    14 |     8 ||    45
         Potion            |       |     2 |       |     7 |     1 |     2 ||    12
   Stab: Petrifying        |       |       |       |       |     4 |       ||     4
         Confused          |       |       |       |       |       |     3 ||     3
 Armour: Scale mail        |    39 |    21 |       |       |       |       ||    60
         Chain mail        |       |    13 |    94 |   113 |   267 |   434 ||   921
         Plate armour      |       |       |       |       |   381 |    40 ||   421
  Dodge: Dodged            |    29 |    42 |    64 |    64 |   397 |   332 ||   928
  Block: Buckler           |     8 |    14 |    36 |    39 |   203 |   179 ||   479

Table legend: (Time is in decaauts)
 A = Elapsed time spent in this place.
 B = Non-inter-level travel time spent in this place.
 C = Inter-level travel time spent in this place.
 D = Time resting spent in this place.
 E = Time spent auto-exploring this place.
 F = Levels seen in this place.
 G = Mean time per level.
                   A        B        C        D        E       F      G
               +--------+--------+--------+--------+--------+-----+--------+
         Total |  26260 |  23259 |   3001 |    833 |  17857 |  31 |  847.1 |
       Dungeon |  14735 |  12666 |   2069 |      0 |  10592 |  15 |  982.3 |
        Temple |    297 |    255 |     42 |      0 |    252 |   1 |  297.0 |
          Lair |   5286 |   4886 |    400 |    432 |   3440 |   5 | 1057.2 |
         Swamp |   3096 |   2876 |    220 |    239 |   1862 |   4 |  774.0 |
     Snake Pit |     27 |     27 |      0 |      0 |      0 |   1 |   27.0 |
  Orcish Mines |   1566 |   1298 |    268 |      0 |   1080 |   2 |  783.0 |
        Bailey |    398 |    398 |      0 |      0 |    259 |   1 |  398.0 |
       Volcano |    386 |    386 |      0 |     53 |    147 |   1 |  386.0 |
      Gauntlet |    464 |    464 |      0 |    108 |    225 |   1 |  464.0 |
               +--------+--------+--------+--------+--------+-----+--------+

Top non-repeatable levels by time:
  Lair:2: 1427 daAuts
     D:7: 1391 daAuts
     D:8: 1291 daAuts
    D:10: 1277 daAuts
     D:9: 1196 daAuts
     D:5: 1173 daAuts
   Orc:2: 1085 daAuts
    D:15: 1057 daAuts
    D:11: 1053 daAuts
     D:1: 1051 daAuts
  Lair:1: 1026 daAuts
     D:6: 1014 daAuts
 Swamp:4: 1010 daAuts
  Lair:3: 950 daAuts
 Swamp:1: 950 daAuts
